AoeStats
← [LCDR] Alone

Arena

510172405Analyzed
4v4 RM · 3d ago on Sep 29, 2026· 33m 0s· 8 players
Game mode
Random Map
Map size
Large (8 player)
Population
200
Speed
Normal
Resources
Standard
Victory
Conquest
Starting age
Dark Age
Ending age
Imperial Age
RankedLock teamsTeams togetherTeam positionsShared explorationLock speedFull tech treeHidden civsTurbo modeCheats
Victory
Defeat
🇬🇧 Khmer · United Kingdom
1562
+14
🇨🇳 Varangians · China
1499
+17
🇭🇺 Spanish · Hungary
1479
+17
🇹🇷 Britons · Türkiye
1453
+18
🇧🇷 Celts · Brazil
1679
-23
🇷🇺 Saxons · Russia
1504
-16
🇨🇴 Bohemians · Colombia
1489
-16
🇧🇷 Lithuanians · Brazil
1368
-11
[LCDR] Alone
10:16 Feudal Age
14:04 Castle Age
12:29 Double-Bit Axe
12:49 Horse Collar
15:06 Bow Saw
18:19 Loom
24:52 Wheelbarrow
28:42 Imperial Age
26:59 Gold Mining
28:24 Scale Mail Armor
29:43 Chain Mail Armor
29:38 Forging
29:18 Pikeman
29:57 Halberdier
31:14 Conscription
32:07 Plate Mail Armor
ImPerez22
10:03 Feudal Age
13:56 Castle Age
12:10 Double-Bit Axe
14:02 Horse Collar
14:49 Town Watch
14:56 Loom
17:50 Fletching
18:01 Padded Archer Armor
18:26 Elite Skirmisher
28:34 Chemistry
32:00 Fervor
diprial
10:26 Feudal Age
14:05 Castle Age
13:00 Double-Bit Axe
14:08 Horse Collar
16:19 Bow Saw
16:59 Loom
21:38 Wheelbarrow
22:44 Gold Mining
22:58 Heavy Plow
23:36 Hand Cart
24:09 Scale Mail Armor
25:06 Chain Mail Armor
25:45 Squires
25:31 Gambesons
29:02 Imperial Age
27:16 Forging
28:45 Iron Casting
28:08 Fletching
28:34 Town Watch
29:18 Arson
30:22 Crop Rotation
29:44 Stone Mining
31:34 Two-Man Saw
31:12 Gold Shaft Mining
31:34 Plate Mail Armor
30:35 Elite Hearth Troop
31:29 Elite Varangian Guard
31:47 Shield Wall
Gomes
10:32 Feudal Age
14:21 Castle Age
13:19 Double-Bit Axe
15:16 Horse Collar
20:39 Wheelbarrow
19:52 Loom
21:25 Bow Saw
23:14 Heavy Plow
26:06 Stone Mining
26:08 Gold Mining
30:32 Imperial Age
28:22 Hand Cart
28:54 Scale Barding Armor
28:56 Town Watch
29:56 Chain Barding Armor
30:59 Forging
enzoyin68
10:04 Feudal Age
11:07 Double-Bit Axe
14:03 Castle Age
12:18 Horse Collar
15:08 Bow Saw
20:57 Heavy Plow
22:26 Gold Mining
23:10 Stone Mining
24:27 Wheelbarrow
24:00 Loom
29:04 Imperial Age
27:28 Scale Barding Armor
27:34 Forging
28:40 Stone Shaft Mining
28:32 Husbandry
28:43 Bloodlines
29:20 Hand Cart
29:33 Chain Barding Armor
30:17 Conscription
30:56 Plate Barding Armor
31:44 Two-Man Saw
30:56 Guilds
31:55 Ballistics
32:35 Chemistry
32:11 Elite Jarl
34:13 Iron Casting
Wolf Slayer
11:19 Feudal Age
14:32 Castle Age
13:03 Double-Bit Axe
13:11 Horse Collar
15:42 Bow Saw
15:48 Heavy Plow
18:36 Wheelbarrow
22:36 Hand Cart
27:31 Imperial Age
26:40 Scale Barding Armor
27:10 Bloodlines
27:17 Gold Mining
27:50 Chain Barding Armor
29:07 Plate Barding Armor
28:48 Elite Battle Elephant
30:00 Forging
29:58 Tusk Swords
30:40 Husbandry
31:44 Iron Casting
33:55 Blast Furnace
33:33 Crop Rotation
32:50 Town Watch
32:52 Loom
Bl++d
10:26 Feudal Age
11:43 Loom
15:04 Castle Age
13:12 Horse Collar
13:31 Double-Bit Axe
32:40 Imperial Age
31:49 Bow Saw
33:41 Wheelbarrow
g_ermeric
9:02 Loom
10:48 Feudal Age
14:57 Castle Age
13:13 Double-Bit Axe
15:46 Fletching
22:36 Bodkin Arrow
24:35 Padded Archer Armor
28:08 Wheelbarrow
28:46 Horse Collar
31:55 Leather Archer Armor
32:08 Ballistics
Connection lost

Rejoining the realm…

Still unreachable

The connection could not be restored.

Session expired

The server has moved on; the page needs a fresh start.